 Dungeon Crawl Stone Soup version 0.30-a0-920-g7493c07aab (webtiles) character file.

Game seed: 14963621680551381219

55 avis the Ruffian (level 3, -7/28 HPs)
             Began as a Demigod Transmuter on Mar 22, 2023.
             Killed from afar by Ijyb (10 damage)
             ... with a bolt of dispelling energy
             ... on level 2 of the Dungeon.
             The game lasted 00:09:15 (1730 turns).

avis the Ruffian (Demigod Transmuter)               Turns: 1730, Time: 00:09:15

Health: -7/28      AC:  5    Str: 15    XL:     3   Next: 45%
Magic:  8/8        EV: 12    Int: 15    God:
Gold:   144        SH:  0    Dex: 14    Spells: 1/5 levels left

rFire   . . .      SeeInvis .      - Unarmed
rCold   . . .      Faith    .    (no shield)
rNeg    . . .      Spirit   .    a - +0 robe
rPois   .          Reflect  .    (no helmet)
rElec   .          Rampage  .    (no cloak)
rCorr   .                        m - +1 pair of gloves
Will    .....                    l - +0 pair of boots
Stlth   +                        (no amulet)
HPRegen 0.24/turn                (no ring)
MPRegen 0.11/turn                (no ring)

@: very slightly contaminated
A: high MP 1, forlorn, divine attributes
a: no special abilities


You were on level 2 of the Dungeon.
You visited 1 branch of the dungeon, and saw 3 of its levels.

You collected 144 gold pieces.

Inventory:

Missiles
 e - 4 silver javelins
Armour
 a - a +0 robe (worn)
 l - a +0 pair of boots (worn)
 m - a +1 pair of gloves (worn)
Magical Staves
 i - a staff of fire
Jewellery
 h - a ring of resist corrosion
Scrolls
 c - 4 scrolls of identify {unknown}
 f - 2 scrolls of amnesia {unknown}
 g - a scroll of blinking {unknown}
 n - a scroll of immolation {unknown}
Potions
 d - a potion of cancellation
 j - a potion of magic
 k - a potion of curing {unknown}


   Skills:
 * Level 1.4 Fighting
 - Level 2.0 Dodging
 - Level 4.0 Unarmed Combat
 - Level 1.7 Spellcasting
 - Level 1.7 Transmutations


You had one spell level left.
You knew the following spells:

 Your Spells              Type           Power      Damage    Failure   Level
a - Beastly Appendage     Tmut           12%        N/A       11%         1
p - Spider Form           Tmut/Pois      3%         N/A       43%         3

Your spell library contained the following spells:

 Spells                   Type           Power      Damage    Failure   Level
 Wereblood                Tmut           6%         N/A       17%         2
 Ice Form                 Ice/Tmut       3%         N/A       85%         4


Dungeon Overview and Level Annotations

Branches:
Dungeon (3/15)

Shops:
D:2 (

Annotations:
D:2 Ijyb
D:3 Robin


Innate Abilities, Weirdness & Mutations

You have an increased reservoir of magic. (+10% MP)
You shall have no god before yourself.
Your divine heritage dramatically boosts your attributes as you level up.


Message History

You closely miss the goblin. Your punch misses the goblin.
The goblin is heavily wounded.
The goblin hits you with a +0 club.
You hit the goblin.
You kill the goblin!
You hit Ijyb but do no damage. You headbutt Ijyb, but do no damage.
Your transformation is almost over.
Ijyb completely misses you.
You hit Ijyb.
Ijyb is lightly wounded.
Ijyb hits you with a +0 club.
You miss Ijyb.
Ijyb is lightly wounded.
Ijyb zaps a wand.
The bolt of dispelling energy hits you!
Your magical effects are unravelling.
* * * LOW HITPOINT WARNING * * *
You closely miss Ijyb.
Ijyb is lightly wounded.
Your horns disappear.
Your talons disappear.
Your +0 pair of boots unmelds from your body.
Ijyb hits you but does no damage.
Unknown command.
Really quaff the potion of lignification?
You turn into a tree.
Your +1 pair of gloves melds into your body.
Your +0 pair of boots melds into your body.
Your +0 robe melds into your body.
Your roots penetrate the ground.
The hobgoblin no longer looks unusually strong.
Ijyb zaps a wand.
The bolt of dispelling energy hits you.
Your magical effects are unravelling.
* * * LOW HITPOINT WARNING * * *
You smack Ijyb!
Ijyb is heavily wounded.
You feel less wooden.
Your +1 pair of gloves unmelds from your body.
Your +0 pair of boots unmelds from your body.
Your +0 robe unmelds from your body.
Ijyb completely misses you.
It was a potion of magic.
Magic courses through your body.
Ijyb zaps a wand.
The bolt of dispelling energy hits you!
You die...

#...#.#..## ###....∩....#
###.....#.#...#
####...##.#...#..#
#..÷....†........#
#......>.......#.#
#.._....g........# ####
##.....##g#########
...#####......##@#
......##.######..################
...............>.................
##......#####)..†##..............
##..##.......#....###########...
###.###.......#.##.#.#########.##
#...###.#####....#.#......)##..#
#.#..##.## ###...............##
#.##.##..######............######


You could see Ijyb (strong) and a hobgoblin.

Vanquished Creatures
  A gnoll (D:1)
  An adder (D:2)
  A dart slug (D:1)
  A ball python (D:2)
  4 bats
  An endoplasm (D:2)
  2 giant cockroaches (D:1)
  3 goblins
  8 hobgoblins
  2 quokkas (D:1)
  A frilled lizard (D:2)
  2 kobolds (D:1)
  2 rats
29 creatures vanquished.

Notes
Turn   | Place    | Note
-------+----------+-------------------------------------------
     0 | D:1      | avis the Demigod Transmuter began the quest for the Orb.
     0 | D:1      | Reached XP level 1. HP: 15/15 MP: 5/5
    91 | D:1      | Reached skill level 1 in Fighting
   200 | D:1      | Reached skill level 3 in Unarmed Combat
   324 | D:1      | Reached XP level 2. HP: 23/23 MP: 4/7
  1074 | D:2      | Reached skill level 4 in Unarmed Combat
  1074 | D:2      | Reached XP level 3. HP: 9/28 MP: 6/8
  1267 | D:2      | Learned a level 3 spell: Spider Form
  1269 | D:2      | Found Vunesoq's Weapon Emporium.
  1677 | D:3      | Noticed an ice beast
  1694 | D:3      | Noticed Ijyb
  1710 | D:3      | Noticed Robin
  1730 | D:2      | Killed from afar by Ijyb

Illustrated notes

Levels and vault maps discovered:
D:1:      tarquinn_simple_flora_water_a, layout_loops_ring
D:2:      layout_rooms, basic_altar, serial_shops,
          nicolae_shop_advertising_works [nicolae_subvault_shop_adworks]
D:3:      layout_loops_ring, ebering_ecumenical_altar_mist, uniq_sigmund,
          uniq_robin, uniq_ijyb

Skill      XL: |  1  2  3 |
---------------+----------+-----
Fighting       | 1 |  1.4
Unarmed Combat | 3 4 |  4.0
Dodging        | 2 |  2.0
Spellcasting   | |  1.7
Transmutations | |  1.7

Action                     || total
---------------------------++-------
  Melee: Unarmed           ||    74
         Headbutt          ||     9
         Kick              ||    13
   Cast: Beastly Appendage ||    25
         Spider Form       ||     1
    Use: Potion            ||     4
 Armour: Robe              ||    10
         Skin              ||     1
  Dodge: Dodged            ||    50

Table legend: (Time is in decaauts)
 A = Elapsed time spent in this place.
 B = Non-inter-level travel time spent in this place.
 C = Inter-level travel time spent in this place.
 D = Time resting spent in this place.
 E = Time spent auto-exploring this place.
 F = Levels seen in this place.
 G = Mean time per level.
                   A        B        C        D        E       F      G
               +--------+--------+--------+--------+--------+-----+--------+
         Total |   1727 |   1468 |    259 |    174 |    887 |   3 |  575.7 |
       Dungeon |   1727 |   1468 |    259 |    174 |    887 |   3 |  575.7 |
               +--------+--------+--------+--------+--------+-----+--------+

Top non-repeatable levels by time:
     D:1: 1023 daAuts
     D:2: 678 daAuts
     D:3: 25 daAuts
